 Dungeon Crawl Stone Soup version 0.30-a0-782-ge64f9170bb (webtiles) character file.

Game seed: 4388034688177436927

28 JamesMyth the Trooper (level 3, -1/33 HPs)
             Began as a Ghoul Monk on Mar 18, 2023.
             Slain by a gnoll
             ... wielding a +0 halberd
              (7 damage)
             ... on level 2 of the Dungeon.
             The game lasted 00:03:45 (599 turns).

JamesMyth the Trooper (Ghoul Monk)                   Turns: 599, Time: 00:03:46

Health: -1/33      AC:  9    Str: 14    XL:     3   Next: 14%
Magic:  2/2        EV:  9    Int:  7    God:
Gold:   7          SH:  0    Dex: 11    Spells: 2/2 levels left

rFire   . . .      SeeInvis .    a - +0 mace
rCold   + . .      Faith    .    (no shield)
rNeg    + + +      Spirit   .    i - +1 scale mail {rPois}
rPois   ∞          Reflect  .    (no helmet)
rElec   .          Harm     .    (no cloak)
rCorr   .          Rampage  .    k - +1 pair of gloves
Will    .....                    (no boots)
Stlth   +                        (no amulet)
HPRegen 0.00/turn                (no ring)
MPRegen 0.08/turn                (no ring)

@: inhibited regen
A: claws 1, cold resistance 1, negative energy resistance 3, inhibited
regeneration, torment resistance 2, devour on kill
a: no special abilities


You were on level 2 of the Dungeon.
You visited 1 branch of the dungeon, and saw 2 of its levels.

You collected 7 gold pieces.

Inventory:

Hand Weapons
 a - a +0 mace (weapon)
Armour
 b - a +0 robe
 i - a +1 scale mail of poison resistance (worn)
 j - a +0 leather armour
 k - a +1 pair of gloves (worn)
Wands
 m - a wand of roots (10)
Scrolls
 e - a scroll of enchant armour
 g - a scroll of identify {unknown}
 h - 2 scrolls of teleportation {unknown}
Potions
 c - a potion of ambrosia
 d - 2 potions of heal wounds {unknown}
 f - a potion of invisibility {unknown}
 l - a potion of berserk rage {unknown}


   Skills:
 + Level 3.9 Fighting
 + Level 3.0 Maces & Flails
 + Level 0.1 Armour
 + Level 2.9 Dodging
 + Level 2.3 Stealth


You had 2 spell levels left.
You didn't know any spells.
Your spell library was empty.

Dungeon Overview and Level Annotations

Branches:
Dungeon (2/15)

Altars:


Innate Abilities, Weirdness & Mutations

You are immune to poison.
You have sharp fingernails.
Your flesh is cold resistant. (rC+)
You are immune to negative energy. (rN+++)
You do not regenerate when monsters are visible.
You are immune to unholy pain and torment.
You thrive by killing the living.


Message History

You see here a jackal corpse.
You hit the jackal.
The jackal is heavily wounded.
The jackal barely misses you. The jackal closely misses you.
You hit the jackal.
You kill the jackal!
You feel better.
Found a clear potion and 5 stones.
Found a scroll labelled OCIBRAESOG.
A gnoll comes into view. It is wielding a +0 whip.
The gnoll shouts!
You hear a shout!
The gnoll throws a throwing net.
The throwing net hits you.
You become entangled in the net!
Things that are here:
a throwing net; 3 poisoned darts You tear a large gash into the net.
You struggle against the net.
A gnoll comes into view. It is wielding a +0 halberd.
You rip the net and break free!
A gnoll comes into view. It is wielding a +0 halberd.
You see here a clear potion.
The gnoll closely misses you. The gnoll hits you but does no damage.
An adder comes into view.
You barely miss the gnoll.
The adder hisses angrily.
The gnoll closely misses you. The gnoll hits you but does no damage.
The gnoll closely misses you. The gnoll hits you with a +0 whip.
You hit the gnoll but do no damage. The gnoll closely misses you.
A hobgoblin comes into view.
The hobgoblin shouts!
The gnoll hits you with a +0 halberd. The gnoll hits you with a +0 whip.
The gnoll closely misses you. The gnoll attacks as you move away!
The gnoll closely misses you. The adder attacks as you move away!
The adder bites you but does no damage.
Found a viscous grey potion.
The gnoll hits you with a +0 halberd! The gnoll hits you with a +0 halberd.
* * * LOW HITPOINT WARNING * * *
You hit the gnoll but do no damage. The adder barely misses you.
The gnoll hits you with a +0 halberd!
You die...

############ #####
#...(.!....#####
....#####...............
..#.............gS?.##
......#........g@....#
#..#.††......####g.g...#
......†.....## ....#.#
#...###.##...... ....#
###.........#### ......
#.........# .......
#.........# ##.....
#.........# .#!##
#.#(........


You could see 3 gnolls, an adder and a hobgoblin.

Vanquished Creatures
  An adder (D:2)
  2 ball pythons (D:1)
  5 endoplasms
  2 hobgoblins (D:2)
  4 jackals (D:2)
  A bat (D:1)
  2 rats
17 creatures vanquished.

Notes
Turn   | Place    | Note
-------+----------+-------------------------------------------
     0 | D:1      | JamesMyth the Ghoul Monk began the quest for the Orb.
     0 | D:1      | Reached XP level 1. HP: 19/19 MP: 0/0
   408 | D:1      | Reached XP level 2. HP: 23/26 MP: 1/1
   568 | D:2      | Reached XP level 3. HP: 29/33 MP: 2/2
   599 | D:2      | Slain by a gnoll

Illustrated notes

Levels and vault maps discovered:
D:1:      dpeg_arrival_fog, layout_basic
D:2:      layout_rooms

Skill      XL: |  1  2 |
---------------+-------+-----
Maces & Flails | 3 |  3.0
Fighting       | |  3.9
Armour         | |  0.1
Dodging        | |  2.9
Stealth        | |  2.3

Action                     || total
---------------------------++-------
  Melee: Mace              ||    63
    Use: Scroll            ||     1
   Stab: Sleeping          ||     1
 Armour: Scale mail        ||    43
         Robe              ||     3
  Dodge: Dodged            ||    66

Table legend: (Time is in decaauts)
 A = Elapsed time spent in this place.
 B = Non-inter-level travel time spent in this place.
 C = Inter-level travel time spent in this place.
 D = Time resting spent in this place.
 E = Time spent auto-exploring this place.
 F = Levels seen in this place.
 G = Mean time per level.
                   A        B        C        D        E       F      G
               +--------+--------+--------+--------+--------+-----+--------+
         Total |    614 |    596 |     18 |      0 |      0 |   2 |  307.0 |
       Dungeon |    614 |    596 |     18 |      0 |      0 |   2 |  307.0 |
               +--------+--------+--------+--------+--------+-----+--------+

Top non-repeatable levels by time:
     D:1: 508 daAuts
     D:2: 106 daAuts
